 Dungeon Crawl Stone Soup version 0.27.1-2-g3b301248ec (webtiles) character file.

Game seed: 3746351901590799661

67 Metae the Skirmisher (level 4, -1/40 HPs)
             Began as a Hill Orc Fighter on Sept 24, 2021.
             Killed from afar by Sigmund (8 damage)
             ... with a puff of flame
             ... on level 2 of the Dungeon.
             The game lasted 00:03:04 (1366 turns).

Metae the Skirmisher (Hill Orc Fighter)             Turns: 1366, Time: 00:03:05

Health: -1/40      AC:  9    Str: 19    XL:     4   Next: 18%
Magic:  4/4        EV:  5    Int:  8    God:
Gold:   41         SH:  0    Dex: 10    Spells: 3/3 levels left

rFire    . . .     SeeInvis .   a - +0 war axe
rCold    . . .     Faith    .   c - +0 kite shield
rNeg     . . .     Spirit   .   i - +0 chain mail
rPois    .         Reflect  .   (no helmet)
rElec    .         Harm     .   (no cloak)
rCorr    .         Rampage  .   (no gloves)
Will     .....                  (no boots)
Stlth    ..........             (no amulet)
HPRegen  0.13/turn              (no ring)
MPRegen  0.09/turn              (no ring)

@: confused
A: no striking features
a: no special abilities


You were on level 2 of the Dungeon.
You visited 1 branch of the dungeon, and saw 2 of its levels.

You collected 41 gold pieces.

Inventory:

Hand Weapons
 a - a +0 war axe (weapon)
Armour
 b - a +0 scale mail
 c - a +0 kite shield (worn)
 i - a +0 chain mail (worn)
Magical Staves
 f - a staff of conjuration
Scrolls
 g - a scroll of noise {unknown}
Potions
 d - a potion of might
 e - a potion of berserk rage {unknown}
 h - a potion of flight {unknown}


   Skills:
 + Level 4.3 Fighting
 + Level 3.6 Axes
 + Level 3.9 Armour
 + Level 3.9 Shields


You had 3 spell levels left.
You didn't know any spells.
Your spell library was empty.

Dungeon Overview and Level Annotations

Branches:
Dungeon (2/15)

Altars:

Annotations:
D:2 Sigmund


Message History

i - a +0 chain mail You start removing your armour.
You continue taking off your +0 scale mail. x4
You finish taking off your +0 scale mail.
You start putting on your armour.
You continue putting on your +0 chain mail.
Sigmund shouts!
You hear an angry hiss.
Sigmund casts a spell at you.
Keep equipping yourself?
You are confused.
You continue putting on your +0 chain mail. x2
Sigmund zaps a wand.
The puff of flame hits you!
You continue putting on your +0 chain mail.
Sigmund zaps a wand.
The puff of flame hits you!
You continue putting on your +0 chain mail.
You finish putting on your +0 chain mail.
You feel less confused. Sigmund casts a spell at you.
The puff of flame hits you.
Sigmund mumbles some strange words.
Sigmund flickers and vanishes!
Deactivating autopickup; reactivate with Ctrl-A.
You hear a zap.
A puff of flame appears from out of thin air!
The puff of flame hits you.
A magic dart appears from out of thin air!
The magic dart hits you.
* * * LOW HITPOINT WARNING * * *
A puff of flame appears from out of thin air!
The puff of flame hits you.
* * * LOW HITPOINT WARNING * * *
Something tries to affect you, but you resist.
A magic dart appears from out of thin air!
The magic dart hits you.
* * * LOW HITPOINT WARNING * * *
You are confused.
You hear a zap.
A puff of flame appears from out of thin air!
The puff of flame hits you!
You die...

#....# #........#.....
#....#######........#.....
#....)..............###...
#....#######........# #.#.
###.)..# #....)...###.#.
####.# ##..............
######.####...............
#......##...........####..
#........@......{.........
##.....#.####..........#.##
#.....##..# ######.###...#
#.....# #.# ..........#
#.....## .. #...........
#......###.# #.........#.
#).......... #.........#.
###.....####.. #.........##
#.......###


There were no monsters in sight!

Vanquished Creatures
  Terence (D:1)
  An adder (D:2)
  A worm (D:2)
  A bat (D:1)
  2 endoplasms (D:1)
  A giant cockroach (D:1)
  7 hobgoblins (D:1)
  3 kobolds (D:1)
  A quokka (D:1)
  4 ball pythons
  A frilled lizard (D:2)
  3 goblins
  A rat (D:1)
27 creatures vanquished.

Notes
Turn   | Place    | Note
-------+----------+-------------------------------------------
     0 | D:1      | Metae the Hill Orc Fighter began the quest for the Orb.
     0 | D:1      | Reached XP level 1. HP: 19/19 MP: 1/1
   332 | D:1      | Reached XP level 2. HP: 27/27 MP: 2/2
   834 | D:2      | Noticed Sigmund
   834 | D:2      | Noticed Terence
   856 | D:1      | Killed Terence
   857 | D:1      | Reached skill level 4 in Fighting
   857 | D:1      | Reached XP level 3. HP: 5/33 MP: 3/3
  1212 | D:2      | Reached XP level 4. HP: 30/40 MP: 4/4
  1366 | D:2      | Killed from afar by Sigmund

Illustrated notes

Levels and vault maps discovered:
D:1:      dpeg_arrival_more_subterranean_lakeside_camping, layout_basic,
          chequers_serial_rivers_room_a
D:2:      layout_rooms, uniq_sigmund, uniq_terence

Skill      XL: |  1  2 |
---------------+-------+-----
Axes           | 3 |  3.6
Fighting       | 4 |  4.3
Armour         | |  3.9
Shields        | |  3.9

Action                   |  1- 3 |  4- 6 || total
-------------------------+-------+-------++-------
Melee: War axe           |    77 |     3 ||    80
Armor: Scale mail        |    45 |       ||    45
Dodge: Dodged            |    26 |     1 ||    27
Block: Kite shield       |    48 |     2 ||    50
